 Dungeon Crawl Stone Soup version 0.27-a0-860-gaf99fae3ca (webtiles) character file.

Game seed: 1439914465543588504

638 Cancer the Chopper (level 7, 0/62 HPs)
             Began as a Hill Orc Monk on Apr 1, 2021.
             Was a Believer of Qazlal.
             Succumbed to a scorpion's poison
             ... on level 7 of the Dungeon.
             The game lasted 00:24:24 (7069 turns).

Cancer the Chopper (Hill Orc Monk)                  Turns: 7069, Time: 00:24:25

Health: 0/62       AC:  8    Str: 16    XL:     7   Next: 50%
Magic:  7/7        EV: 10    Int: 10    God:    Qazlal [**....]
Gold:   263        SH:  8    Dex: 13    Spells: 6/6 levels left

rFire    . . .     SeeInvis +   a - +0 hand axe
rCold    . . .     Faith    .   n - +0 buckler
rNeg     . . .     Spirit   .   C - +0 scale mail {Will+}
rPois    .         Reflect  .   l - +0 helmet
rElec    .         Harm     .   (no cloak)
rCorr    .         Rampage  .   (no gloves)
Will     +....                  (no boots)
Stlth    +.........             (no amulet)
HPRegen  0.20/turn              d - ring of see invisible
MPRegen  0.10/turn              (no ring)

@: lethally poisoned (0 -> -10)
A: no striking features
a: Renounce Religion, Upheaval


You were on level 7 of the Dungeon.
You worshipped Qazlal.
Qazlal was pleased with you.
You visited 1 branch of the dungeon, and saw 5 of its levels.
You also visited: Sewer.

You collected 263 gold pieces.

Inventory:

Hand Weapons
 a - a +0 hand axe (weapon)
 e - a +0 dagger of speed
 x - a +0 hunting sling
 y - a +0 war axe
Missiles
 f - 133 stones
 i - 11 boomerangs (quivered)
 k - 46 sling bullets
Armour
 b - a +0 robe
 j - a +0 kite shield
 l - a +0 helmet (worn)
 n - a +0 buckler (worn)
 A - a +0 ring mail
 C - a +0 scale mail of willpower (worn)
Jewellery
 d - a ring of see invisible (left hand)
Wands
 B - a wand of iceblast (9)
Scrolls
 h - a scroll of silence {unknown}
 p - 2 scrolls of teleportation
 q - 2 scrolls of magic mapping {unknown}
 t - 2 scrolls of identify {unknown}
Potions
 c - 3 potions of flight
 g - a potion of attraction {unknown}
 m - 3 potions of heal wounds {unknown}
 o - 2 potions of curing {unknown}
 r - a potion of resistance {unknown}
 s - 2 potions of cancellation {unknown}
 u - a potion of berserk rage {unknown}
 v - 2 potions of might {unknown}
 w - a potion of degeneration {unknown}
 z - 2 potions of lignification {unknown}


   Skills:
 + Level 5.8 Fighting
 + Level 6.3 Axes
 + Level 3.8 Armour
 - Level 3.0 Dodging
 - Level 2.0 Stealth
 + Level 3.6 Shields


You had 6 spell levels left.
You didn't know any spells.
Your spell library contained the following spells:

 Spells                   Type           Power      Damage    Failure   Level
 Apportation              Tloc           0%         N/A       80%         1
 Pain                     Necr           0%         1d4       80%         1
 Shock                    Conj/Air       0%         1d3       80%         1
 Sting                    Tmut/Pois      0%         1d3       80%         1
 Summon Small Mammal      Summ           0%         N/A       80%         1


Dungeon Overview and Level Annotations

Branches:
Dungeon (4/15)              Sewer (visited)
 Temple: D:4-7

Altars:
Fedhas
Makhleb
Qazlal
Vehumet

Annotations:
D:3 Sigmund
D:4 Edmund, Pikel
D:7 Dowan, Duvessa


Message History

You kill the gnoll!
Qazlal accepts your kill.
You barely miss the gnoll. You block the gnoll's attack.
You hit the gnoll.
The gnoll is heavily wounded.
The gnoll hits you with a +0 whip. The scorpion barely misses you.
The gnoll shaman calls upon its god to speed up the gnoll.
The gnoll seems to speed up.
You block the scorpion's attack.
You hit the scorpion.
The scorpion is moderately wounded.
The scorpion stings you but does no damage.
You completely miss the scorpion.
The scorpion is moderately wounded.
The scorpion barely misses you.
You barely miss the scorpion.
The scorpion is moderately wounded.
The scorpion stings you.
You are poisoned.
The scorpion poisons you!
You feel very sick.
You feel very sick.
The gnoll barely misses you. x2; You block the gnoll's attack.
The scorpion stings you.
You are more poisoned.
The scorpion poisons you!
You feel very sick.
The gnoll hits you from afar with a +3 spear!
* * * LOW HITPOINT WARNING * * *
You feel very sick.
The gnoll shaman hits you with a +0 whip.
* * * LOW HITPOINT WARNING * * *
You block the gnoll's attack.
* * * LOW HITPOINT WARNING * * *
You feel very sick.
The gnoll hits you from afar with a +3 spear!
* * * LOW HITPOINT WARNING * * *
The gnoll shaman barely misses you.
You die...

...# #...##### ...#####
#.......# ...+.รท.# #######
#.......#
...###.###.....###.......#
...###..##......##.......#
...##...##......##.s.#####
................#ggg.#
#...............#....#
#...............@....#######
.....###........#...........
...### ##.##....###)......##
...######..#....##..........
...........#....#...........
............................
..........#.###.............
..........#..#..............
..........##................


You could see a gnoll shaman, a scorpion and 2 gnolls.

Vanquished Creatures
  A sky beast (D:7)
  2 lemures
  2 bullfrogs (D:7)
  2 orc priests (D:4)
  3 centaur skeletons
  An iguana (D:4)
  Robin (D:3)
  A gnoll (D:7)
  9 adders
  An adder skeleton (D:4)
  5 worms
  2 dart slugs
  3 orcs (D:4)
  12 endoplasms
  4 giant cockroaches
  9 hobgoblins
  8 jackals
  7 quokkas
  11 ball pythons
  12 bats
  3 frilled lizards
  17 goblins
  11 kobolds
  6 rats
133 creatures vanquished.

Vanquished Creatures (others)
  19 plants (D:3)
19 creatures vanquished.

Grand Total: 152 creatures vanquished

Notes
Turn   | Place    | Note
-------+----------+-------------------------------------------
     0 | D:1      | Cancer the Hill Orc Monk began the quest for the Orb.
     0 | D:1      | Reached XP level 1. HP: 19/19 MP: 1/1
    59 | D:1      | Found a faded altar of an unknown god.
   267 | D:1      | Reached XP level 2. HP: 27/27 MP: 2/2
   678 | D:1      | Reached skill level 1 in Armour
  1097 | D:1      | Reached XP level 3. HP: 31/33 MP: 3/3
  1629 | D:2      | Identified Hermeneutics for Beginners
  1892 | D:2      | Reached skill level 1 in Shields
  1892 | D:2      | Reached XP level 4. HP: 33/40 MP: 4/4
  2272 | D:2      | Found a burning altar of Makhleb.
  2884 | D:3      | Noticed Robin
  3038 | D:3      | Found a glowing drain.
  3043 | Sewer    | Entered a sewer
  3050 | Sewer    | Reached XP level 5. HP: 47/47 MP: 5/5
  3695 | Sewer    | Reached skill level 5 in Axes
  4543 | D:3      | Killed Robin
  4823 | D:3      | Noticed Sigmund
  4939 | D:3      | Found a stormy altar of Qazlal.
  4949 | D:3      | Became a worshipper of Qazlal Stormbringer
  4949 | D:3      | Reached * piety under Qazlal
  4949 | D:3      | Reached ** piety under Qazlal
  4969 | D:3      | Found a blossoming altar of Fedhas.
  4973 | D:3      | Found a radiant altar of Vehumet.
  5164 | D:4      | Reached XP level 6. HP: 41/55 MP: 6/6
  5388 | D:4      | Reached skill level 5 in Fighting
  5475 | D:4      | Noticed Edmund
  5723 | D:4      | Noticed Pikel
  6755 | D:4      | You fall into a shaft and drop 3 floors!
  6755 | D:7      | Noticed Dowan
  6756 | D:7      | Noticed Duvessa
  6760 | D:7      | Noticed a sky beast
  6786 | D:7      | Reached XP level 7. HP: 45/61 MP: 7/7
  6794 | D:7      | Reached skill level 6 in Axes
  7068 | D:7      | HP: 2/62 [gnoll/+3 spear (7)]
  7069 | D:7      | Succumbed to a scorpion's poison

Illustrated notes

Levels and vault maps discovered:
D:1:      minmay_arrival_three_doors, layout_loops_ring, basic_ecumenical_altar,
          hex_medium
D:2:      layout_rooms, st_stairs_6, corexii_hall_statues_s,
          kennysheep_flooded_box, minmay_joined_circles
D:3:      cheibrodos_helix_gallery, layout_rooms, minitemple, lemuel_tele_altar,
          portal_sewer_entry_e, grunt_decor_junction, serial_bayou_lake_a,
          uniq_robin, uniq_sigmund
D:4:      layout_loops_corners, serial_shops, kennysheep_little_box,
          uniq_edmund, uniq_pikel
D:7:      layout_basic, uniq_joseph, uniq_duvessa, uniq_maggie

Skill      XL: |  1  2  3  4  5  6  7 |
---------------+----------------------+-----
Armour         | 1 2 3 |  3.8
Fighting       | 4 5 |  5.8
Stealth        | 2 |  2.0
Shields        | 1 2 3 |  3.6
Dodging        | 3 |  3.0
Axes           | 5 6 |  6.3

Action                   |  1- 3 |  4- 6 |  7- 9 || total
-------------------------+-------+-------+-------++-------
Melee: Hand axe          |   132 |   461 |    43 ||   636
  Use: Potion            |       |     2 |       ||     2
       Scroll            |       |     3 |       ||     3
 Stab: Sleeping          |     7 |     1 |       ||     8
Armor: Robe              |    25 |    88 |       ||   113
       Scale mail        |       |    20 |    11 ||    31
       Ring mail         |       |    14 |       ||    14
Dodge: Dodged            |    75 |   235 |    16 ||   326
Block: Kite shield       |    19 |       |       ||    19
       Buckler           |     1 |   119 |    26 ||   146

Table legend: (Time is in decaauts)
 A = Elapsed time spent in this place.
 B = Non-inter-level travel time spent in this place.
 C = Inter-level travel time spent in this place.
 D = Time resting spent in this place.
 E = Time spent auto-exploring this place.
 F = Levels seen in this place.
 G = Mean time per level.
                   A        B        C        D        E       F      G
               +--------+--------+--------+--------+--------+-----+--------+
         Total |   7353 |   7016 |    337 |   1663 |   2338 |   6 | 1225.5 |
       Dungeon |   5944 |   5607 |    337 |   1178 |   2338 |   5 | 1188.8 |
         Sewer |   1409 |   1409 |      0 |    485 |      0 |   1 | 1409.0 |
               +--------+--------+--------+--------+--------+-----+--------+

Top non-repeatable levels by time:
     D:2: 1514 daAuts
     D:4: 1475 daAuts
     D:1: 1459 daAuts
   Sewer: 1409 daAuts
     D:3: 1180 daAuts
     D:7: 314 daAuts
